 Dungeon Crawl Stone Soup version 0.28-a0-980-g3664467d6e (webtiles) character file.

Game seed: 15646913269513357711

4358 GregHouse the Cleaver (level 10, -13/88 HPs)
             Began as a Hill Orc Monk on Dec 2, 2021.
             Was a Believer of Beogh.
             Mangled by a two-headed ogre (16 damage)
             ... on level 9 of the Dungeon.
             The game lasted 00:54:23 (12330 turns).

GregHouse the Cleaver (Hill Orc Monk)              Turns: 12330, Time: 00:54:23

Health: -13/88     AC: 17    Str: 19    XL:     10   Next: 34%
Magic:  12/12      EV:  7    Int: 10    God:    Beogh [**....]
Gold:   264        SH:  0    Dex: 13    Spells: 9/9 levels left

rFire   . . .      SeeInvis .   s - +0 broad axe (vamp)
rCold   . . .      Faith    .   (no shield)
rNeg    . . .      Spirit   .   e - +1 plate armour
rPois   .          Reflect  .   (no helmet)
rElec   .          Harm     .   (no cloak)
rCorr   .          Rampage  .   d - +0 pair of gloves
Will    .....                   w - +0 pair of boots
Stlth   ..........              (no amulet)
HPRegen 0.24/turn               (no ring)
MPRegen 0.13/turn               (no ring)

@: no status effects
A: no striking features
a: Renounce Religion, Smiting


You were on level 9 of the Dungeon.
You worshipped Beogh.
Beogh was pleased with you.
You visited 1 branch of the dungeon, and saw 9 of its levels.

You collected 534 gold pieces.
You spent 270 gold pieces at shops.

Inventory:

Hand Weapons
 b - a +2 dagger of venom
 g - a +2 hand axe of electrocution
 h - a +0 vorpal war axe
 s - a +0 vampiric broad axe (weapon)
Missiles
 n - a throwing net (quivered)
Armour
 d - a +0 pair of gloves (worn)
 e - a +1 plate armour (worn)
 w - a +0 pair of boots (worn)
Jewellery
 i - a ring of positive energy
 l - a ring of flight
 p - a +6 ring of dexterity
 r - a +4 ring of evasion
 v - a +6 ring of dexterity
 D - a +4 ring of slaying
 E - a ring of ice
 F - a ring of see invisible
Wands
 f - a wand of mindburst (4)
 C - a wand of iceblast (9)
Scrolls
 a - a scroll of blinking
 k - 2 scrolls of brand weapon
 o - 3 scrolls of teleportation
 u - a scroll of silence
 x - a scroll of amnesia
 A - 5 scrolls of identify
Potions
 c - 2 potions of haste
 j - 2 potions of might
 m - a potion of mutation {unknown}
 q - 2 potions of brilliance {unknown}
 t - 2 potions of cancellation
 B - a potion of degeneration {unknown}
 H - a potion of resistance {unknown}


   Skills:
 + Level 8.1 Fighting
 + Level 12.9 Axes
 + Level 8.9 Armour
 + Level 3.5 Dodging
 + Level 2.3 Stealth
 + Level 0.2 Shields
 * Level 3.6 Invocations


You had 9 spell levels left.
You didn't know any spells.
Your spell library contained the following spells:

 Spells                   Type           Power      Damage    Failure   Level
 Animate Skeleton         Necr           0%         N/A       100%        1
 Magic Dart               Conj           0%         1d3       100%        1
 Pain                     Necr           0%         1d4       100%        1
 Slow                     Hex            0%         N/A       100%        1
 Sting                    Tmut/Pois      0%         1d3       100%        1
 Call Imp                 Summ           0%         N/A       100%        2
 Poisonous Vapours        Pois/Air       0%         N/A       100%        2
 Confusing Touch          Hex            0%         N/A       100%        3
 Mephitic Cloud           Conj/Pois/Air  0%         N/A       100%        3
 Vampiric Draining        Necr           0%         2d6       100%        3
 Olgreb's Toxic Radiance  Pois           0%         N/A       100%        4


Dungeon Overview and Level Annotations

Branches:
Dungeon (9/15)             Temple (0/1) D:7
   Lair: D:8-11         Orc: D:9-12

Altars:
Makhleb
Nemelex Xobeh
Okawaru
Sif Muna
Trog
Uskayaw
Vehumet
Wu Jian
Zin
The Shining One

Shops:
D:5 :(?:   D:7 *:

Annotations:
D:2 exclusion: 2 downstairs


Message History

The two-headed ogre hits you with a +0 giant club.
You barely miss the two-headed ogre.
The two-headed ogre hits you with a +0 giant spiked club!!
The two-headed ogre hits you with a +0 giant club!!
You slice the two-headed ogre!!
You feel better.
The two-headed ogre is moderately wounded.
The two-headed ogre barely misses you. x2
You hit the two-headed ogre but do no damage.
The two-headed ogre is moderately wounded.
You slash the two-headed ogre!
The two-headed ogre is heavily wounded.
The two-headed ogre closely misses you. x2
You slash the two-headed ogre!
The two-headed ogre is severely wounded.
The two-headed ogre hits you with a +0 giant spiked club!
The two-headed ogre hits you but does no damage.
You hit the two-headed ogre.
You feel better.
The two-headed ogre is severely wounded.
The two-headed ogre hits you with a +0 giant spiked club!
* * * LOW HITPOINT WARNING * * *
The two-headed ogre hits you but does no damage.
Okay, then.
You hit the two-headed ogre.
The two-headed ogre is severely wounded.
You hit the two-headed ogre but do no damage.
The two-headed ogre is severely wounded.
The two-headed ogre hits you but does no damage.
The two-headed ogre hits you with a +0 giant club.
* * * LOW HITPOINT WARNING * * *
You hit the two-headed ogre.
You feel better.
The two-headed ogre is severely wounded.
The two-headed ogre hits you with a +0 giant spiked club!!
* * * LOW HITPOINT WARNING * * *
The two-headed ogre hits you but does no damage.
You hit the two-headed ogre but do no damage.
The two-headed ogre is severely wounded.
You slash the two-headed ogre!
The two-headed ogre is almost dead.
The two-headed ogre hits you with a +0 giant spiked club!
You die...

.......... .........
........
#####+#############......#
#.................'......#
#.................#..###.#
#.................#..#
#............(....#..#
#.......<@O.......#..#
#.................#..#
#.................#..#
#...###############...
#... #.... #.... #..


You could see a two-headed ogre.

Vanquished Creatures
  Pikel (D:5)
  A komodo dragon (D:8)
  Grinder (D:3)
  Sigmund (D:5)
  5 yaks (D:7)
  A steam dragon (D:7)
  3 water moccasins
  Duvessa (D:5)
  3 black bears
  2 sky beasts
  A centaur (D:7)
  2 lemures (D:4)
  A phantom (D:6)
  A kobold brigand (D:8)
  3 bullfrogs
  4 scorpions
  A water moccasin skeleton (D:6)
  Dowan (D:5)
  3 killer bees (D:8)
  A bullfrog zombie (D:5)
  A crimson imp (D:6)
  4 jellies
  2 bullfrog skeletons
  A centaur skeleton (D:7)
  5 hounds
  An iguana (D:4)
  3 orc wizards
  2 killer bee zombies
  A hound zombie (D:5)
  A howler monkey zombie (D:6)
  4 gnolls (D:4)
  5 adders
  2 white imps
  2 adder skeletons (D:4)
  2 dart slugs
  18 orcs
  A ball python (D:2)
  An endoplasm (D:4)
  4 giant cockroaches
  4 goblins
  5 hobgoblins
  14 kobolds
  3 quokkas
  4 bats
  4 frilled lizards
  2 goblin zombies
  2 hobgoblin zombies (D:5)
  A kobold skeleton (D:5)
  A kobold zombie (D:5)
  2 orc skeletons (D:5)
  A quokka zombie (D:7)
  10 rats
150 creatures vanquished.

Vanquished Creatures (others)
  An orc priest (D:7)
  An orc (D:7)
  11 plants (D:1)
  9 withered plants (D:1)
22 creatures vanquished.

Grand Total: 172 creatures vanquished

Notes
Turn   | Place    | Note
-------+----------+-------------------------------------------
     0 | D:1      | GregHouse the Hill Orc Monk began the quest for the Orb.
     0 | D:1      | Reached XP level 1. HP: 19/19 MP: 1/1
   128 | D:1      | Found a faded altar of an unknown god.
   313 | D:1      | Reached XP level 2. HP: 27/27 MP: 2/2
  1033 | D:3      | Noticed Grinder
  1109 | D:2      | Reached XP level 3. HP: 33/33 MP: 3/3
  1831 | D:3      | Paralysed by Grinder for 3 turns
  1935 | D:3      | Reached skill level 1 in Armour
  1935 | D:3      | Reached XP level 4. HP: 37/40 MP: 4/4
  2024 | D:3      | Found a glowing silver altar of Zin.
  2024 | D:3      | Noticed an angel
  2175 | D:3      | Found a shimmering blue altar of Sif Muna.
  2190 | D:3      | Reached skill level 5 in Axes
  2263 | D:3      | Identified a scroll of acquirement
  2263 | D:3      | Acquired a scarf of resistance
  2280 | D:3      | Found an iron altar of Okawaru.
  2280 | D:3      | Found an ornate altar of the Wu Jian Council.
  2512 | D:4      | Noticed a black bear
  2528 | D:5      | Entered Level 5 of the Dungeon
  2528 | D:5      | Noticed a lemure
  2528 | D:5      | Noticed a lemure
  2529 | D:5      | Noticed a lemure
  2529 | D:5      | Noticed a lemure
  2530 | D:5      | Found a bloodstained altar of Trog.
  2561 | D:4      | Killed a lemure
  2568 | D:4      | Killed a lemure
  2843 | D:3      | Paralysed by Grinder for 6 turns
  2851 | D:3      | Killed Grinder
  2852 | D:3      | Reached skill level 6 in Axes
  2852 | D:3      | Reached XP level 5. HP: 22/47 MP: 5/5
  2852 | D:3      | Reached XP level 6. HP: 25/53 MP: 6/6
  4581 | D:5      | Found Seok Big's Book Emporium.
  4751 | D:5      | Noticed Dowan
  4751 | D:5      | Noticed Duvessa
  4770 | D:5      | Killed Duvessa
  4771 | D:5      | Reached skill level 5 in Fighting
  4771 | D:5      | Reached XP level 7. HP: 31/61 MP: 7/7
  4774 | D:5      | Killed Dowan
  4775 | D:5      | Reached skill level 7 in Axes
  5043 | D:5      | Found Xuwnasir's Weapon Shoppe.
  5048 | D:5      | Bought a +0 vampiric broad axe for 140 gold pieces
  5105 | D:5      | Noticed Pikel
  5126 | D:5      | HP: 3/61 [Pikel (6)]
  5128 | D:5      | Killed Pikel
  5129 | D:5      | Reached skill level 8 in Axes
  5129 | D:5      | Reached XP level 8. HP: 6/70 MP: 8/8
  6065 | D:5      | Found a glowing golden altar of the Shining One.
  6157 | D:5      | Noticed Sigmund
  6168 | D:5      | Killed Sigmund
  6169 | D:5      | Reached skill level 9 in Axes
  6215 | D:5      | Found Atsiut's Magic Scroll Emporium.
  6221 | D:5      | Bought a scroll of amnesia for 38 gold pieces
  6370 | D:5      | Found Topetec's Book Emporium.
  7098 | D:6      | Reached XP level 9. HP: 52/78 MP: 9/9
  7600 | D:6      | Reached skill level 10 in Axes
  9400 | D:6      | Found a radiant altar of Vehumet.
  9400 | D:6      | Found a burning altar of Makhleb.
  9766 | D:7      | Found Nopu's Book Emporium.
  9789 | D:8      | Found a sparkling altar of Nemelex Xobeh.
  9816 | D:7      | Reached skill level 11 in Axes
 10034 | D:7      | Found a staircase to the Ecumenical Temple.
 10175 | D:7      | Became a worshipper of Beogh the Brigand
 10175 | D:7      | Reached * piety under Beogh
 10175 | D:7      | Reached ** piety under Beogh
 10226 | D:7      | Found Riopren's Assorted Antiques.
 10238 | D:7      | Bought a scroll labelled VUAFFE SAKK for 32 gold pieces
 10238 | D:7      | Bought a scroll labelled FAGONE SEZXYKK for 32 gold pieces
 10238 | D:7      | Bought a fizzy brown potion for 28 gold pieces
 10621 | D:7      | Reached skill level 12 in Axes
 10623 | D:7      | Reached XP level 10. HP: 27/88 MP: 10/10
 10898 | D:8      | Identified the +1 leather armour of Resourcefulness {Int-3
                  | Dex+7}
 11156 | D:8      | Reached skill level 1 in Invocations
 11580 | D:8      | Found a hide-covered altar of Uskayaw.
 12304 | D:9      | Noticed a two-headed ogre
 12328 | D:9      | HP: 2/88 [two-headed ogre (18)]
 12330 | D:9      | Mangled by a two-headed ogre

Illustrated notes

Levels and vault maps discovered:
D:1:      dpeg_arrival_long_road, layout_loops_ring,
          shapermc_ecumenical_altar_flowoftime, minmay_misc_feat_nine_boxes,
          st_stairs_14
D:2:      layout_basic, chequers_serial_rivers_room_b
D:3:      layout_rooms, mainiacjoe_overflow_six_doors_small,
          chequers_temple_overflow_statue_of_worship, zin_angel, uniq_grinder
D:4:      layout_basic, minmay_puff
D:5:      layout_loops_ring, nicolae_tso_besieged_by_evil, lemuel_round_altar,
          serial_shops, shop, nicolae_shop_hallway_plus, shop, shop,
          uniq_duvessa, uniq_sigmund, uniq_pikel
D:6:      layout_loops_corners, grunt_temple_overflow_lords_of_destruction
D:7:      layout_rooms, minmay_temple_entry_glassed_door, serial_shops, shop,
          shop, enter_ossuary_4
D:8:      layout_gridville, marbit_many_paths, amcnicky_altar_gilded,
          minmay_between
D:9:      minmay_the_grid_plus_closed [minmay_the_grid_medium_cups,
          minmay_the_grid_garden, minmay_the_grid_minigrid_medium,
          minmay_the_grid_spikes, minmay_the_grid_prize_four_corners_diamond_a],
          layout_stronghold, due_lair_maze_entry_diamond, minmay_misc_feat_chi

Skill      XL: |  1  2  3  4  5  6  7  8  9 10 |
---------------+-------------------------------+-----
Fighting       | 4 5 6 7 8 |  8.1
Armour         | 1 3 4 6 7 8 |  8.9
Axes           | 6 8 9 12 | 12.9
Dodging        | 3 |  3.5
Stealth        | 2 |  2.3
Invocations    | 3 |  3.6
Shields        | |  0.2

Action                   |  1- 3 |  4- 6 |  7- 9 | 10-12 || total
-------------------------+-------+-------+-------+-------++-------
Melee: Hand axe          |   146 |   111 |     9 |       ||   266
       Broad axe         |       |       |   280 |   125 ||   405
Invok: Convert to Beogh  |       |       |     1 |       ||     1
  Use: Scroll            |       |     6 |     8 |       ||    14
       Potion            |       |     2 |     2 |       ||     4
Armor: Ring mail         |    14 |       |       |       ||    14
       Chain mail        |    41 |    43 |    56 |       ||   140
       Plate armour      |       |       |   133 |    87 ||   220
Dodge: Dodged            |    41 |    32 |   113 |    42 ||   228
Block: Buckler           |       |       |     1 |       ||     1

Table legend: (Time is in decaauts)
 A = Elapsed time spent in this place.
 B = Non-inter-level travel time spent in this place.
 C = Inter-level travel time spent in this place.
 D = Time resting spent in this place.
 E = Time spent auto-exploring this place.
 F = Levels seen in this place.
 G = Mean time per level.
                   A        B        C        D        E       F      G
               +--------+--------+--------+--------+--------+-----+--------+
         Total |  12395 |  11992 |    403 |   3290 |   3299 |   9 | 1377.2 |
       Dungeon |  12395 |  11992 |    403 |   3290 |   3299 |   9 | 1377.2 |
               +--------+--------+--------+--------+--------+-----+--------+

Top non-repeatable levels by time:
     D:4: 2684 daAuts
     D:5: 2033 daAuts
     D:6: 1861 daAuts
     D:8: 1412 daAuts
     D:3: 1274 daAuts
     D:7: 1208 daAuts
     D:2: 954 daAuts
     D:1: 916 daAuts
     D:9: 50 daAuts
